 Dungeon Crawl Stone Soup version 0.17.2-1-ge4368a0 (webtiles) character file.

9 ololoev the Skirmisher (level 2, -1/24 HPs)
             Began as a Demonspawn Fighter on Oct 25, 2016.
             Killed from afar by a steam dragon (24 damage)
             ... with a ball of steam
             ... on level 3 of the Dungeon.
             The game lasted 00:01:44 (272 turns).

ololoev the Skirmisher (Demonspawn Fighter)          Turns: 272, Time: 00:01:46

Health: -1/24      AC:  6    Str: 16    XL:     2   Next: 3%
Magic:  2/2        EV:  6    Int:  9    God:
Gold:   50         SH:  8    Dex: 12    Spells: 0 memorised, 1 level left

rFire  . . .     SeeInvis .     a - +0 war axe
rCold  . . .     Clarity  .     b - +0 scale mail
rNeg   . . .     SustAt   .     c - +0 shield
rPois  .         Gourm    .     (no helmet)
rElec  .         Spirit   .     (no cloak)
rCorr  .         Warding  .     (no gloves)
rMut   .         Stasis   .     (no boots)
MR     .....                    (no amulet)
Stlth  +.........               (no ring)
                                (no ring)

@: not resistant to hostile enchantments, very unstealthy
A: nightstalker 1
a: no special abilities


Innate Abilities, Weirdness & Mutations

You are slightly more attuned to the shadows.

Inventory:

Hand Weapons
 a - a +0 war axe (weapon)
Armour
 b - a +0 scale mail (worn)
 c - a +0 shield (worn)
Wands
 j - a wand of polymorph (1)
Scrolls
 f - a scroll of fear {unknown}
 g - a scroll of identify {unknown}
 h - a scroll of noise {unknown}
Potions
 d - a potion of might
Comestibles
 e - a bread ration
 i - a meat ration


   Skills:
 + Level 3.1 Fighting
 * Level 2.2 Axes
 + Level 2.8 Armour
 - Level 2.6 Shields


You had one spell level left.
You didn't know any spells.


You were on level 3 of the Dungeon.
You were not hungry.

You visited 1 branch of the dungeon, and saw 3 of its levels.

You collected 50 gold pieces.

#..#...#.#
###..#.#.#.### #
#........#...## .#
#.#........#..###.#
#.#....#..........#
#
####..#...##...#..#
#...#..##..#...#
##....#§D..#....#
......@#†.#.......
.....##.r##..##..###
###.?##..# ..# ..#
#.....#. #... (#
##...#... #... #
#..# r##. #... #.# @
.. #.. ## .. ##

Notes
Turn   | Place    | Note
--------------------------------------------------------------
     0 | D:1      | ololoev the Demonspawn Fighter began the quest for the Orb.
     0 | D:1      | Reached XP level 1. HP: 18/18 MP: 1/1
   270 | D:3      | Gained mutation: You are slightly more attuned to the shadows. [demonic ancestry]
   270 | D:3      | Reached XP level 2. HP: 22/24 MP: 2/2
   271 | D:3      | Noticed a steam dragon
   271 | D:3      | a worm changed into a steam dragon
   272 | D:3      | Noticed Jessica
   272 | D:3      | Killed from afar by a steam dragon

Dungeon Overview and Level Annotations

Branches:
Dungeon (3/15)

Altars:

Annotations:
D:3 Jessica


Message History

Aim: a worm (chance to defeat MR: 54%)
The worm resists with significant effort.
Evoking this partially-identified wand wasted a few charges.
A giant gecko comes into view.
A quokka comes into view.
The quokka moves out of view.
Found 20 sling bullets.
Evoke which item? (* to show all) (? for menu, Esc to quit)
Zapping:
j - a wand of polymorph {zapped: 2} (will waste charges)
Press: ? - help, Shift-Dir - straight line, f/p - worm
Aim: a worm (chance to defeat MR: 54%)
The worm resists with significant effort.
Evoking this partially-identified wand wasted a few charges.
The quokka barely misses you.
You closely miss the quokka. The quokka bites you.
The quokka bites you but does no damage.
You block the quokka's attack.
You see here 6 gold pieces.
You now have 50 gold pieces (gained 6).
You block the quokka's attack. The worm barely misses you.
The giant gecko barely misses you.
You slash the giant gecko!
You kill the giant gecko!
You have reached level 2!
Your demonic ancestry asserts itself...
You slip into the darkness of the dungeon.
Evoke which item? (* to show all) (? for menu, Esc to quit)
Zapping:
j - a wand of polymorph {zapped: 4} (will waste charges)
Press: ? - help, Shift-Dir - straight line, f/p - worm
Aim: a worm (chance to defeat MR: 54%)
The worm evaporates and reforms as a steam dragon!
Evoking this partially-identified wand wasted a few charges.
Jessica the Apprentice Sorceress comes into view.
She is wielding a dagger.
Jessica shouts!
Jessica zaps a wand.
You resist with significant effort.
It is a wand of confusion.
The steam dragon breathes steam at you. The ball of steam hits you!
Ouch! That really hurt!
You die...

You could see a steam dragon, Jessica, a quokka and a rat (wandering).

Vanquished Creatures
  A giant gecko (D:3)
  A hobgoblin (D:1)
  3 bats
  A goblin (D:1)
  2 rats (D:1)
8 creatures vanquished.

Action                   || total
-------------------------++-------
Melee: War axe           ||    25
Evoke: Wand              ||     3

Vault maps used:
D:1:      scummos_arrival_hexagon
D:2:      first_bread
D:3:      old_standard_altar, minivault_26, minmay_statues_item, uniq_jessica,
          uniq_sigmund
